 Dungeon Crawl Stone Soup version 0.31-a0-851-g7ff8af7976 (webtiles) character file.

Game seed: 10209839265115895891

2465 Newt the Skirmisher (level 9, 0/49 (54) HPs)
             Began as a Kobold Hunter on Oct 2, 2023.
             Slain by a wight
             ... wielding a +2 mace
              (4 damage)
             ... on level 7 of the Dungeon on Oct 6, 2023.
             The game lasted 00:05:10 (6826 turns).

Newt the Skirmisher (Kobold Hunter)                 Turns: 6826, Time: 00:05:11

HP:   0/49 (54)     AC:  5    Str:  8    XL:     9   Next: 79%
MP:   9/9           EV: 18    Int: 17    God:
Gold: 162           SH:  0    Dex: 22    Spells: 8/8 levels left

rFire   . . .        a - +1 shortbow (freeze)
rCold   . . .        (shield currently unavailable)
rNeg    . . .        c - +0 leather armour
rPois   .            (no helmet)
rElec   .            d - +0 cloak
rCorr   .            (no gloves)
SInv    .            f - +0 pair of boots
Will    .....        (no amulet)
Stlth   +++          g - +6 ring of intelligence
HPRegen 0.28/turn    (no ring)
MPRegen 0.11/turn

%: no passive effects
@: drained
A: small, no large weapons, nightstalker 3
a: no special abilities


You were on level 7 of the Dungeon.
You visited 2 branches of the dungeon, and saw 8 of its levels.

You collected 323 gold pieces.
You spent 161 gold pieces at shops.

Inventory:

Hand Weapons
 a - a +1 shortbow of freezing (weapon)
Missiles
 n - a throwing net
Armour
 c - a +0 leather armour (worn)
 d - a +0 cloak (worn)
 f - a +0 pair of boots (worn)
 k - the +0 ring mail of Domuz {-Tele Rampage Regen+ Dex+2}
   (You found it on level 2 of the Dungeon)

   Dex+2:     It affects your dexterity (+2).
   -Tele:     It prevents most forms of teleportation.
   Regen+:    It increases your rate of health regeneration.
   Rampage:   It bestows one free step when moving towards enemies.
 v - the +0 leather armour "Fafienkuacw" {+Blink rElec Slay-2}
   (You bought it in a shop on level 5 of the Dungeon)

   Slay-2:    It affects your accuracy & damage with ranged weapons and melee
   (-2).
   rElec:     It insulates you from electricity.
   +Blink:    It lets you blink.
Jewellery
 g - a +6 ring of intelligence (left hand)
Wands
 s - a wand of roots (9)
Scrolls
 b - a scroll of butterflies
 l - a scroll of enchant armour {unknown}
 o - 2 scrolls of blinking
 p - 2 scrolls of teleportation
 q - a scroll of enchant weapon
 r - 2 scrolls of fear
 u - a scroll of revelation
Potions
 e - 6 potions of curing
 h - 2 potions of cancellation {unknown}
 i - a potion of berserk rage
 j - a potion of ambrosia
 m - 2 potions of mutation {unknown}
 t - 2 potions of degeneration {unknown}
 w - a potion of magic
 x - a potion of lignification {unknown}
 z - a potion of might {unknown}


   Skills:
 - Level 5.0 Fighting
 + Level 14.8 Ranged Weapons
 - Level 6.0 Dodging
 - Level 1.3 Stealth


You had 8 spell levels left.
You didn't know any spells.
Your spell library contained the following spells:

 Spells                   Type           Power      Damage    Failure   Level
 Kiss of Death            Conj/Necr      0%         2d5       34%         1
 Shock                    Conj/Air       0%         1d3       34%         1
 Confusing Touch          Hex            0%         N/A       71%         3
 Dazzling Flash           Conj/Hex       0%         N/A       71%         3
 Swiftness                Air            0%         N/A       71%         3
 Volatile Blastmotes      Fire/Tloc      0%         2d10      71%         3
 Airstrike                Air            0%         2d(0-16)  98%         4
 Dispel Undead            Necr           0%         3d6       98%         4
 Fulminant Prism          Conj/Hex       0%         3d5       98%         4
 Iskenderun's Mystic Bla  Conj/Tloc      0%         2d3       98%         4
 Agony                    Necr           0%         N/A       100%        5
 Silence                  Hex/Air        0%         N/A       100%        5


Dungeon Overview and Level Annotations

Branches:
Dungeon (7/15)             Temple (1/1) D:4

Altars:
Ashenzari
Dithmenos
Fedhas
Gozag
Nemelex Xobeh
Okawaru
Qazlal
Ru
Trog
Uskayaw
Vehumet
Xom

Shops:
D:5 [


Innate Abilities, Weirdness & Mutations

You are small and have problems with some larger weapons.
You are completely attuned to the shadows.


Message History

You shoot an arrow.
The arrow hits the wight but does no damage.
The wight is heavily damaged.
The wight completely misses you.
You shoot an arrow. The arrow hits the wight!
You destroy the wight!
Your life force feels restored.
You shoot an arrow. The arrow hits the wight.
The wight is moderately damaged.
You shoot an arrow. The arrow completely misses the wight.
The wight hits you with a +2 mace.
You feel drained.
You shoot an arrow. The arrow barely misses the wight.
The wight closely misses you. The wight attacks as it pursues you!
The wight barely misses you.
You shoot an arrow.
The arrow hits the wight but does no damage.
The wight is moderately damaged.
A wight comes into view. It is wielding a +1 great sword.
You shoot an arrow. The arrow closely misses the wight.
The wight hits you with a +2 mace.
You feel drained.
You are too injured to fight recklessly!
You are too injured to fight recklessly!
The wight attacks as it pursues you! The wight completely misses you.
You are too injured to fight recklessly!
You shoot an arrow. The arrow hits the wight.
The wight is heavily damaged.
The wight closely misses you. The wight attacks as it pursues you!
The wight hits you with a +2 mace.
You feel drained.
You shoot an arrow. The arrow hits the wight.
The wight is heavily damaged.
A wight comes into view. It is wielding a +3 spear.
The wight hits you with a +2 mace.
* * * LOW HITPOINT WARNING * * *
You shoot an arrow. The arrow completely misses the wight.
The arrow barely misses the wight.
The wight attacks as it pursues you! The wight hits you with a +2 mace!
* * * LOW HITPOINT WARNING * * *
You feel drained.
You die...

###...###...###.....####
.....#...#.....#.##....###
...###...###...#.#####...#
..#...#.#...#..#.....###.####
###...#.#...###......# #....##
..#...#.#...#........# ##.....
...###...###.........###......
#.....#.#.....................
......#.#.......@z......).)...
......#.#.........z...........
.....#...#..........z......†..
.......###..#..†##............
.......# #..#.................
.......# #..#..........
######## #...........##
.##..##...# #..##.###


You could see 3 wights.

Vanquished Creatures
  Sigmund (D:4)
  Menkaure (D:4)
  2 water moccasins
  Duvessa (D:4)
  An orc warrior (D:7)
  3 ice beasts
  A black bear (D:3)
  A sky beast (D:6)
  A phantom (D:4)
  A kobold brigand (D:6)
  4 bullfrogs (D:7)
  2 wights (D:7)
  Dowan (D:4)
  3 hounds
  Crazy Yiuf (D:2)
  2 gnoll boudas (D:5)
  2 jellies
  2 orc priests
  Jessica (D:2)
  3 iguanas
  7 adders
  18 gnolls
  A shadow imp (D:5)
  2 white imps (D:5)
  4 ufetubi
  2 worms
  A dart slug (D:3)
  13 orcs
  7 bats
  7 endoplasms
  9 goblins
  14 hobgoblins
  4 quokkas
  6 ball pythons
  4 frilled lizards
  12 kobolds
  8 rats
153 creatures vanquished.

Notes
Turn   | Place    | Note
-------+----------+-------------------------------------------
     0 | D:1      | Newt the Kobold Hunter began the quest for the Orb.
     0 | D:1      | Reached XP level 1. HP: 12/12 MP: 1/1
   182 | D:1      | Reached XP level 2. HP: 18/18 MP: 2/2
   373 | D:1      | Reached XP level 3. HP: 23/23 MP: 3/3
   762 | D:2      | Found a runed translucent door.
   762 | D:2      | Noticed Crazy Yiuf
   764 | D:2      | Killed Crazy Yiuf
   765 | D:2      | Reached XP level 4. HP: 21/30 MP: 4/4
   953 | D:2      | Reached skill level 5 in Fighting
   955 | D:2      | Reached XP level 5. HP: 24/35 MP: 5/5
   963 | D:2      | Reached skill level 6 in Ranged Weapons
  1288 | D:2      | Noticed Jessica
  1289 | D:2      | Killed Jessica
  1297 | D:2      | Identified the +0 ring mail of Domuz {-Tele Rampage Regen+
                  | Dex+2}
  2034 | D:3      | Reached skill level 7 in Ranged Weapons
  2038 | D:3      | Noticed a black bear
  2043 | D:3      | Killed a black bear
  2044 | D:3      | Reached XP level 6. HP: 31/40 MP: 6/6
  2123 | D:3      | Reached skill level 8 in Ranged Weapons
  2785 | D:4      | Found a shadowy altar of Dithmenos.
  2794 | D:4      | Reached XP level 7. HP: 40/44 MP: 7/7
  2820 | D:4      | Noticed Sigmund
  2824 | D:4      | Killed Sigmund
  2825 | D:4      | Reached skill level 9 in Ranged Weapons
  2948 | D:4      | Noticed Duvessa
  2950 | D:4      | Noticed Dowan
  2958 | D:4      | Killed Duvessa
  2959 | D:4      | Reached skill level 10 in Ranged Weapons
  2963 | D:4      | Killed Dowan
  3409 | D:4      | Reached XP level 8. HP: 49/49 MP: 8/8
  3665 | D:4      | Upgraded the game from 0.31-a0-845-g9abc20d24f to
                  | 0.31-a0-851-g7ff8af7976
  3674 | D:4      | Reached skill level 5 in Dodging
  3737 | D:4      | Found a staircase to the Ecumenical Temple.
  3851 | Temple   | Entered the Ecumenical Temple
  4164 | D:4      | Noticed Menkaure
  4173 | D:4      | Killed Menkaure
  4520 | D:5      | Entered Level 5 of the Dungeon
  4646 | D:5      | Found a bloodstained altar of Trog.
  4661 | D:5      | Found Doces's Antique Armour Boutique.
  4664 | D:5      | Bought a faintly humming leather armour for 161 gold pieces
  4664 | D:5      | Identified the +0 leather armour "Fafienkuacw" {+Blink
                  | rElec Slay-2} (You bought it in a shop on level 5 of the
                  | Dungeon)
  4925 | D:5      | Reached skill level 11 in Ranged Weapons
  5114 | D:5      | Found a hide-covered altar of Uskayaw.
  5598 | D:5      | Reached skill level 12 in Ranged Weapons
  5598 | D:5      | Reached XP level 9. HP: 54/54 MP: 9/9
  5736 | D:6      | Reached skill level 13 in Ranged Weapons
  6257 | D:6      | Found an opulent altar of Gozag.
  6522 | D:7      | Reached skill level 14 in Ranged Weapons
  6826 | D:7      | Slain by a wight

Illustrated notes

Levels and vault maps discovered:
D:1:      evilmike_arrival_plus, layout_basic, hangedman_decor_growths
D:2:      layout_basic, chequers_serial_rivers_room_b, grunt_ministairs_6,
          minmay_between, uniq_crazy_yiuf_cottage, uniq_jessica
D:3:      layout_loops_ring
D:4:      layout_basic, grunt_dithmenos_smoke_and_mirrors,
          minmay_temple_entry_fiery, uniq_sigmund, uniq_duvessa, uniq_menkaure
D:5:      layout_gridville, mainiacjoe_overflow_concentric_impassable,
          mainiacjoe_overflow_paths, serial_shops, nicolae_shop_behind_doors
D:6:      cheibrodos_quashed, layout_basic, amcnicky_altar_gilded
D:7:      layout_rooms, nicolae_titane
Temple:   hellmonk_temple_micro_hex

Skill      XL: |  1  2  3  4  5  6  7  8  9 |
---------------+----------------------------+-----
Fighting       | 3 4 5 |  5.0
Ranged Weapons | 7 8 10 12 14 | 14.8
Dodging        | 4 6 |  6.0
Stealth        | |  1.3

Action                     |  1- 3 |  4- 6 |  7- 9 || total
---------------------------+-------+-------+-------++-------
   Fire: Shortbow          |    64 |   127 |   285 ||   476
    Use: Scroll            |     4 |     3 |     8 ||    15
 Armour: Leather armour    |     8 |    27 |    49 ||    84
  Dodge: Dodged            |    16 |    27 |    98 ||   141

Table legend: (Time is in decaauts)
 A = Elapsed time spent in this place.
 B = Non-inter-level travel time spent in this place.
 C = Inter-level travel time spent in this place.
 D = Time resting spent in this place.
 E = Time spent auto-exploring this place.
 F = Levels seen in this place.
 G = Mean time per level.
                   A        B        C        D        E       F      G
               +--------+--------+--------+--------+--------+-----+--------+
         Total |   6815 |   6588 |    227 |    916 |   4938 |   8 |  851.9 |
       Dungeon |   6813 |   6588 |    225 |    916 |   4938 |   7 |  973.3 |
        Temple |      1 |      0 |      1 |      0 |      0 |   1 |    1.0 |
               +--------+--------+--------+--------+--------+-----+--------+

Top non-repeatable levels by time:
     D:4: 1811 daAuts
     D:2: 1180 daAuts
     D:5: 1111 daAuts
     D:6: 813 daAuts
     D:3: 785 daAuts
     D:1: 763 daAuts
     D:7: 348 daAuts
  Temple: 1 daAuts
